 Dungeon Crawl Stone Soup version 0.28.0-43-g3370ac3207 (webtiles) character file.

Game seed: 17308838538374401757

144 Ablot the Grasshopper (level 5, -2/35 (43) HPs)
             Began as a Gnoll Warper on Mar 13, 2022.
             Slain by an orc
             ... wielding a +2 hand axe of draining
              (3 damage)
             ... on level 3 of the Dungeon.
             The game lasted 00:03:21 (3264 turns).

Ablot the Grasshopper (Gnoll Warper)                Turns: 3264, Time: 00:03:23

HP:   -2/35 (43)    AC:  6    Str: 12    XL:     5   Next: 26%
MP:   8/12          EV: 12    Int: 13    God:
Gold: 194           SH:  0    Dex: 11    Spells: 12/14 levels left

rFire   . . .      SeeInvis .   a - +0 trident
rCold   . . .      Faith    .   (no shield)
rNeg    . . .      Spirit   .   b - +0 leather armour
rPois   .          Reflect  .   (no helmet)
rElec   .          Harm     .   h - +0 cloak
rCorr   .          Rampage  .   e - +0 pair of gloves
Will    .....                   n - +0 pair of boots
Stlth   +.........              (no amulet)
HPRegen 0.11/turn               (no ring)
MPRegen 0.13/turn               (no ring)

@: on blink cooldown, heavily drained
A: fangs 1, strong nose, distributed training
a: no special abilities


You were on level 3 of the Dungeon.
You visited 1 branch of the dungeon, and saw 4 of its levels.

You collected 194 gold pieces.

Inventory:

Hand Weapons
 a - a +0 trident (weapon)
Missiles
 d - 5 boomerangs of dispersal
 f - 122 stones (quivered)
 l - 14 sling bullets
Armour
 b - a +0 leather armour (worn)
 e - a +0 pair of gloves (worn)
 h - a +0 cloak (worn)
 n - a +0 pair of boots (worn)
Scrolls
 c - 3 scrolls of blinking
 i - 2 scrolls of teleportation {unknown}
 k - 2 scrolls of torment {unknown}
 o - 2 scrolls of summoning {unknown}
Potions
 g - 2 potions of might {unknown}
 j - 2 potions of curing {unknown}
 m - a potion of lignification {unknown}


   Skills:
 + Level 4.7 Fighting
 + Level 1.4 Short Blades
 + Level 1.4 Long Blades
 + Level 1.4 Axes
 + Level 1.4 Maces & Flails
 + Level 4.7 Polearms
 + Level 1.4 Staves
 + Level 1.4 Slings
 + Level 1.4 Bows
 + Level 1.4 Crossbows
 + Level 2.9 Throwing
 + Level 2.9 Armour
 + Level 4.7 Dodging
 + Level 1.4 Stealth
 + Level 1.4 Shields
 + Level 1.4 Unarmed Combat
 + Level 5.2 Spellcasting
 + Level 1.1 Conjurations
 + Level 1.1 Hexes
 + Level 1.1 Summonings
 + Level 1.1 Necromancy
 + Level 5.5 Translocations
 + Level 1.1 Transmutations
 + Level 1.1 Fire Magic
 + Level 1.1 Ice Magic
 + Level 1.1 Air Magic
 + Level 1.1 Earth Magic
 + Level 1.1 Poison Magic
 + Level 1.6 Invocations
 + Level 1.4 Evocations


You had 12 spell levels left.
You knew the following spells:

 Your Spells              Type           Power      Damage    Failure   Level
a - Blink                 Tloc           34%        N/A       3%          2

Your spell library contained the following spells:

 Spells                   Type           Power      Damage    Failure   Level
 Gell's Gravitas          Tloc           17%        N/A       7%          3
 Lesser Beckoning         Tloc           17%        N/A       7%          3
 Teleport Other           Tloc           17%        N/A       7%          3
 Manifold Assault         Tloc           17%        N/A       54%         5


Dungeon Overview and Level Annotations

Branches:
Dungeon (4/15)
 Temple: D:4-7

Altars:
Xom


Innate Abilities, Weirdness & Mutations

You have very sharp teeth.
Your uncanny sense of smell can sniff out nearby items.
Your experience applies equally to all skills.


Message History

There is a stone staircase leading down here.
Casting: Blink (safe; 3% risk of failure)
Confirm with . or Enter, or press ? or * to list all spells.
You blink.
The orc closely misses you.
Unknown command.
You closely miss the orc.
The orc hits you with a +0 hand axe of flaming.
The orc burns you.
The orc hits you with a +2 hand axe of draining.
You feel drained.
Unknown command.
You hit the orc priest.
The orc priest is moderately wounded.
The orc priest hits you with a +0 morningstar.
The orc barely misses you. The orc hits you but does no damage.
You feel drained.
You hit the orc priest but do no damage.
The orc priest is moderately wounded.
You feel stable enough to blink again.
The orc priest hits you but does no damage.
The orc hits you with a +0 hand axe of flaming.
The orc burns you.
The orc hits you with a +2 hand axe of draining.
* * * LOW HITPOINT WARNING * * *
You feel drained.
* * * LOW HITPOINT WARNING * * *
You hit the orc priest but do no damage.
The orc priest is moderately wounded.
The orc priest closely misses you. The orc hits you but does no damage.
The orc hits you with a +2 hand axe of draining.
* * * LOW HITPOINT WARNING * * *
You feel drained.
Unknown command.
Casting: Blink (safe; 3% risk of failure)
Confirm with . or Enter, or press ? or * to list all spells.
You blink.
The orc hits you but does no damage.
The orc hits you with a +2 hand axe of draining!
* * * LOW HITPOINT WARNING * * *
You feel drained.
You die...

#######..#........###..####'##..#
.<#.......#...###..............##
..#.....#.###.#..........####.##
..#######.###...########......###
..# #.............#######.... ..#
####.#.#.###.###.# #..## ..#
#....#...#§.)..#.# ##..# #.#
##.#####..#ooo..#.# ##.. ..###..#
#÷.).@.)...# ### #.....##
#..#.....#.# ####### #..#.....#.#
#..###.###.# #..........#
#.........## ###########


You could see an orc priest and 2 orcs.

Vanquished Creatures
  A gnoll (D:1)
  5 adders
  A worm (D:3)
  4 dart slugs
  3 orcs (D:3)
  8 endoplasms
  3 giant cockroaches (D:3)
  8 goblins
  5 hobgoblins
  3 jackals (D:3)
  6 quokkas
  4 ball pythons
  4 bats
  2 frilled lizards (D:3)
  8 kobolds
  10 rats
75 creatures vanquished.

Vanquished Creatures (others)
  A plant (D:1)
1 creature vanquished.

Grand Total: 76 creatures vanquished

Notes
Turn   | Place    | Note
-------+----------+-------------------------------------------
     0 | D:1      | Ablot the Gnoll Warper began the quest for the Orb.
     0 | D:1      | Reached XP level 1. HP: 20/20 MP: 6/6
   192 | D:1      | Reached XP level 2. HP: 19/26 MP: 7/7
   195 | D:1      | Learned a level 2 spell: Blink
   400 | D:1      | Reached XP level 3. HP: 26/31 MP: 9/9
   457 | D:1      | Reached skill level 5 in Spellcasting
  1202 | D:1      | Reached skill level 1 in Invocations
  1674 | D:2      | Reached skill level 1 in Short Blades
  1674 | D:2      | Reached skill level 1 in Long Blades
  1674 | D:2      | Reached skill level 1 in Axes
  1674 | D:2      | Reached skill level 1 in Maces & Flails
  1674 | D:2      | Reached skill level 1 in Staves
  1674 | D:2      | Reached skill level 1 in Slings
  1674 | D:2      | Reached skill level 1 in Bows
  1674 | D:2      | Reached skill level 1 in Crossbows
  1674 | D:2      | Reached skill level 1 in Stealth
  1674 | D:2      | Reached skill level 1 in Shields
  1674 | D:2      | Reached skill level 1 in Unarmed Combat
  1674 | D:2      | Reached skill level 1 in Evocations
  2062 | D:2      | Reached XP level 4. HP: 38/38 MP: 11/11
  2571 | D:3      | Found a shimmering altar of Xom.
  2683 | D:3      | Found a faded altar of an unknown god.
  2687 | D:3      | Reached skill level 1 in Conjurations
  2687 | D:3      | Reached skill level 1 in Hexes
  2687 | D:3      | Reached skill level 1 in Summonings
  2687 | D:3      | Reached skill level 1 in Necromancy
  2687 | D:3      | Reached skill level 1 in Transmutations
  2687 | D:3      | Reached skill level 1 in Fire Magic
  2687 | D:3      | Reached skill level 1 in Ice Magic
  2687 | D:3      | Reached skill level 1 in Air Magic
  2687 | D:3      | Reached skill level 1 in Earth Magic
  2687 | D:3      | Reached skill level 1 in Poison Magic
  2840 | D:3      | Reached XP level 5. HP: 37/43 MP: 12/12
  3146 | D:4      | Noticed a black bear
  3264 | D:3      | HP: 1/37 [orc/+2 hand axe of draining (7)]
  3264 | D:3      | Slain by an orc

Illustrated notes

Levels and vault maps discovered:
D:1:      amcnicky_arrival_choice, layout_basic, serial_forest,
          infiniplex_forest_straight_3, infiniplex_forest_fountain,
          infiniplex_forest_clump_curved, infiniplex_forest_clump_double,
          infiniplex_forest_end_double, infiniplex_forest_clump_small,
          infiniplex_forest_corner_2, minmay_pentomino_u2
D:2:      layout_basic, kennysheep_pointless_box, minmay_quadrilaterals
D:3:      minmay_chambers_of_threes, layout_rooms, lemuel_tele_altar,
          shapermc_ecumenical_altar_pompeii, small_statue_alley_b, st_stairs_3,
          grunt_decor_arrowhead, fountainhead
D:4:      minmay_thinvault, layout_rooms, serial_shops,
          nicolae_shop_bloodbath_and_beyond

Skill      XL: |  1  2  3  4 |
---------------+-------------+-----
Spellcasting   | 5 |  5.2
Invocations    | 1 |  1.6
Short Blades   | 1 |  1.4
Long Blades    | 1 |  1.4
Axes           | 1 |  1.4
Maces & Flails | 1 |  1.4
Staves         | 1 |  1.4
Slings         | 1 |  1.4
Bows           | 1 |  1.4
Crossbows      | 1 |  1.4
Stealth        | 1 |  1.4
Shields        | 1 |  1.4
Unarmed Combat | 1 |  1.4
Evocations     | 1 |  1.4
Conjurations   | 1 |  1.1
Hexes          | 1 |  1.1
Summonings     | 1 |  1.1
Necromancy     | 1 |  1.1
Transmutations | 1 |  1.1
Fire Magic     | 1 |  1.1
Ice Magic      | 1 |  1.1
Air Magic      | 1 |  1.1
Earth Magic    | 1 |  1.1
Poison Magic   | 1 |  1.1
Fighting       | |  4.7
Polearms       | |  4.7
Throwing       | |  2.9
Armour         | |  2.9
Dodging        | |  4.7
Translocations | |  5.5

Action                   |  1- 3 |  4- 6 || total
-------------------------+-------+-------++-------
Melee: Spear             |    32 |       ||    32
       Punch             |     5 |     3 ||     8
       Bite              |    11 |     4 ||    15
       Trident           |    77 |   108 ||   185
Throw: Stone             |     2 |       ||     2
 Cast: Blink             |     1 |     2 ||     3
 Stab: Sleeping          |     1 |     2 ||     3
       Distracted        |       |     1 ||     1
Armor: Leather armour    |    13 |    49 ||    62
Dodge: Dodged            |    35 |    53 ||    88
